 Dungeon Crawl Stone Soup version 0.28-a0-1510-gd0f6b136d3 (webtiles) character file.

Game seed: 9368901009311400568

2 MacCMillion the Caller (level 1, 0/10 HPs)
             Began as a Tengu Summoner on Jan 15, 2022.
             Slain by a quokka (1 damage)
             ... on level 1 of the Dungeon.
             The game lasted 00:00:53 (73 turns).

MacCMillion the Caller (Tengu Summoner)               Turns: 73, Time: 00:00:53

Health: 0/10       AC:  2    Str:  8    XL:     1   Next: 40%
Magic:  0/4        EV: 12    Int: 15    God:
Gold:   0          SH:  0    Dex: 14    Spells: 3/4 levels left

rFire   . . .      SeeInvis .   (no weapon)
rCold   . . .      Faith    .   (no shield)
rNeg    . . .      Spirit   .   a - +0 robe
rPois   .          Reflect  .   (helmet restricted)
rElec   .          Harm     .   (no cloak)
rCorr   .          Rampage  .   (no gloves)
Will    .....                   (boots unavailable)
Stlth   ++........              (no amulet)
HPRegen 0.03/turn               (no ring)
MPRegen 0.09/turn               (no ring)

@: no status effects
A: beak, talons 3
a: no special abilities


You were on level 1 of the Dungeon.
You visited 1 branch of the dungeon, and saw 1 of its levels.

Inventory:

Armour
 a - a +0 robe (worn)


   Skills:
 - Level 2.1 Dodging
 - Level 2.0 Stealth
 + Level 2.1 Spellcasting
 + Level 4.9 Summonings


You had 3 spell levels left.
You knew the following spells:

 Your Spells              Type           Power      Damage    Failure   Level
a - Summon Small Mammal   Summ           64%        N/A       3%          1

Your spell library contained the following spells:

 Spells                   Type           Power      Damage    Failure   Level
 Call Imp                 Summ           16%        N/A       4%          2
 Call Canine Familiar     Summ           16%        N/A       9%          3
 Summon Guardian Golem    Hex/Summ       8%         N/A       24%         3
 Summon Lightning Spire   Summ/Air       8%         N/A       63%         4


Dungeon Overview and Level Annotations

Branches:
Dungeon (1/15)

Altars:


Innate Abilities, Weirdness & Mutations

You have a beak for a mouth.
You have claws for feet.


Message History

Something bites your quokka but does no damage.
The kobold throws a stone.
The stone misses your quokka. The stone closely misses you.
The kobold throws a stone.
The stone hits you. The quokka closely misses your bat.
Your quokka disappears in a puff of smoke!
Your bat closely misses the quokka.
The kobold throws a stone.
The stone hits your bat.
Your bat barely misses the quokka.
The kobold throws a stone.
The stone hits your bat. The quokka misses you.
Your bat hits the quokka but does no damage.
The quokka bites you. The quokka closely misses you.
Your quokka disappears in a puff of smoke!
Your bat hits the quokka. The quokka barely misses you. The quokka misses you.
Your bat barely misses the quokka.
Your bat closely misses the quokka.
Your bat hits the quokka but does no damage.
Your bat misses the quokka.
Your bat barely misses the quokka.
The quokka barely misses you. The quokka closely misses you.
You swap places.
Your bat hits the quokka but does no damage.
Your bat barely misses the quokka.
The quokka misses your bat.
Your bat hits the quokka.
The kobold hits your bat with a +0 dagger.
Your bat disappears in a puff of smoke!
Your bat closely misses the quokka.
The quokka bites your bat.
Your bat dies!
Your bat's corpse disappears in a puff of smoke!
The quokka barely misses you.
Your bat hits the quokka. The quokka bites your bat.
Your bat hits the quokka but does no damage.
Your bat hits the quokka. The quokka barely misses your bat.
The quokka misses your bat. The quokka bites you.
Your bat hits the quokka.
The quokka dies!
The endoplasm freezes you.
You are frozen.
The quokka bites you.
* * * LOW HITPOINT WARNING * * *
Your bat hits the kobold but does no damage.
The kobold closely misses your rat.
Your rat closely misses the quokka.
Your bat barely misses the kobold.
The quokka bites you.
You die...

#...............
#......###......
####+##......#########
...................#
..........b†.......#
........#...........#
..........K........##
.........r.........#
......#.@r.........#
.....#..JK#########
.....#....## #......#
#......# #......#
#......# #......#
########......#


You could see an endoplasm, a quokka (ally target), 2 kobolds, a friendly bat
(summoned) and a friendly rat (summoned).

Vanquished Creatures (collateral kills)
  An endoplasm (D:1)
  A quokka (D:1)
2 creatures vanquished.

Notes
Turn   | Place    | Note
-------+----------+-------------------------------------------
     0 | D:1      | MacCMillion the Tengu Summoner began the quest for the Orb.
     0 | D:1      | Reached XP level 1. HP: 10/10 MP: 4/4
    73 | D:1      | Slain by a quokka

Illustrated notes

Levels and vault maps discovered:
D:1:      dpeg_arrival_tiny_j, layout_basic,
          shapermc_ecumenical_altar_hornbeckon, serial_shops, shop

Action                   || total
-------------------------++-------
 Cast: Summon Small Mamm ||     7
Armor: Robe              ||     1
Dodge: Dodged            ||     8

Table legend: (Time is in decaauts)
 A = Elapsed time spent in this place.
 B = Non-inter-level travel time spent in this place.
 C = Inter-level travel time spent in this place.
 D = Time resting spent in this place.
 E = Time spent auto-exploring this place.
 F = Levels seen in this place.
 G = Mean time per level.
                   A        B        C        D        E       F      G
               +--------+--------+--------+--------+--------+-----+--------+
         Total |     73 |     73 |      0 |      0 |     28 |   1 |   73.0 |
       Dungeon |     73 |     73 |      0 |      0 |     28 |   1 |   73.0 |
               +--------+--------+--------+--------+--------+-----+--------+

Top non-repeatable levels by time:
     D:1: 73 daAuts
